 Seeded DCSS version 0.27-a0-1181-g5f64966fcc (webtiles) character file.

Game seed: 158850323977186402 (custom seed)

21 streetpizza the Ruffian (level 2, 29/29 HPs)
             Began as a Troll Monk on May 17, 2021.
             Was a Believer of Sif Muna.
             Quit the game on level 1 of the Dungeon.
             The game lasted 00:01:25 (373 turns).

streetpizza the Ruffian (Troll Monk)                 Turns: 373, Time: 00:01:26

Health: 29/29      AC:  4    Str: 18    XL:     2   Next: 65%
Magic:  1/1        EV: 10    Int:  6    God:    Sif Muna [**....]
Gold:   33         SH:  0    Dex: 12    Spells: 1/1 levels left

rFire    . . .     SeeInvis .     - Unarmed
rCold    . . .     Faith    .   (no shield)
rNeg     . . .     Spirit   .   a - +0 robe
rPois    .         Reflect  .   (helmet restricted)
rElec    .         Harm     .   (no cloak)
rCorr    .         Rampage  .   (gloves unavailable)
Will     .....                  (boots unavailable)
Stlth    ++........             (no amulet)
HPRegen  1.09/turn              (no ring)
MPRegen  0.07/turn              (no ring)

@: no status effects
A: large, unfitting armour, claws 3, regeneration 1, shaggy fur 1, tough skin 1
a: Renounce Religion, Channel Magic


You were on level 1 of the Dungeon.
You worshipped Sif Muna.
Sif Muna was pleased with you.
You visited 1 branch of the dungeon, and saw 1 of its levels.

You collected 33 gold pieces.

Inventory:

Missiles
 c - 11 poisoned darts (quivered)
Armour
 a - a +0 robe (worn)
Scrolls
 e - a scroll of brand weapon {unknown}
 f - a scroll of fear {unknown}
 g - a scroll of acquirement {unknown}
Potions
 b - a potion of haste {unknown}
 d - a potion of degeneration {unknown}


   Skills:
 + Level 2.7 Fighting
 + Level 2.7 Dodging
 - Level 1.0 Stealth
 + Level 3.3 Unarmed Combat


You had one spell level left.
You didn't know any spells.
Your spell library was empty.

Dungeon Overview and Level Annotations

Branches:
Dungeon (1/15)

Altars:
Sif Muna


Innate Abilities, Weirdness & Mutations

You are too large for most types of armour.
You have claws for hands.
Your natural rate of healing is unusually fast.
You are covered in fur. (AC +1)
You have tough skin. (AC +1)


Message History

2 jackals come into view.
The jackal barks! x2; You hear a bark!
You claw the rat!
You kill the rat!
A ball python, a jackal and a goblin come into view.
The goblin shouts!
You barely miss the jackal.
The ball python hisses angrily.
The jackal closely misses you. The jackal barely misses you.
The jackal bites you.
You scratch the jackal.
You kill the jackal!
The jackal bites you.
You scratch the jackal but do no damage.
The jackal barely misses you.
You scratch the jackal.
You kill the jackal!
The jackal completely misses you.
You scratch the jackal but do no damage.
The jackal bites you.
You closely miss the jackal. The jackal bites you. x2
You closely miss the jackal.
The jackal bites you but does no damage.
You claw the jackal!
You kill the jackal!
You claw the ball python!
You kill the ball python!
You closely miss the goblin. The goblin barely misses you.
You scratch the goblin.
You kill the goblin!
Things that are here:
a +0 club; a jackal corpse; a jackal corpse
Found 11 gold pieces.
There is a fountain of clear blue water here.
There is a faded altar of an unknown god here.
You cannot tell which god this altar belongs to.
Convert to them anyway?
Sif Muna accepts your prayer! Sif Muna welcomes you!
You can now call upon Sif Muna for magical energy.
Are you sure you want to abandon this character and quit the game? (Confirm with "yes".)

$...##.###.###
#.#..#.###.### #
#.##...#.....# #.
#.###..#.###.#
#.#######.###..#.# #..
#...........#..#.#####
#.$8.⌠.8.......#.#...#
#.........#.#..#.###.#
#..⌠.@.⌠..#)##.###...#
##.......##.##.###.###
#.8.⌠.8.##.##.#...# #
#.......##.##.#.#####
###.######..#.#...#..
#. ##. .###.#.# #. ..
#...# #. .# ###.# .#
#...#


There were no monsters in sight!

Vanquished Creatures
  A dart slug (D:1)
  2 endoplasms (D:1)
  3 goblins (D:1)
  3 hobgoblins (D:1)
  3 jackals (D:1)
  3 ball pythons (D:1)
  A frilled lizard (D:1)
  A kobold (D:1)
  A rat (D:1)
18 creatures vanquished.

Notes
Turn   | Place    | Note
-------+----------+-------------------------------------------
     0 | D:1      | streetpizza the Troll Monk began the quest for the Orb.
     0 | D:1      | Reached XP level 1. HP: 22/22 MP: 0/0
   102 | D:1      | Reached XP level 2. HP: 24/29 MP: 1/1
   345 | D:1      | Found a faded altar of an unknown god.
   372 | D:1      | Became a worshipper of Sif Muna the Loreminder
   372 | D:1      | Reached * piety under Sif Muna
   372 | D:1      | Reached ** piety under Sif Muna
   373 | D:1      | Quit the game

Illustrated notes

Levels and vault maps discovered:
D:1:      elethiomel_arrival_maze, layout_rooms,
          hellmonk_ecumenical_altar_dog_temple

Action                   || total
-------------------------++-------
Melee: Unarmed           ||    37
 Stab: Sleeping          ||     1
Armor: Robe              ||     9
Dodge: Dodged            ||     7

Table legend: (Time is in decaauts)
 A = Elapsed time spent in this place.
 B = Non-inter-level travel time spent in this place.
 C = Inter-level travel time spent in this place.
 D = Time resting spent in this place.
 E = Time spent auto-exploring this place.
 F = Levels seen in this place.
 G = Mean time per level.
                   A        B        C        D        E       F      G
               +--------+--------+--------+--------+--------+-----+--------+
         Total |    371 |    371 |      0 |      0 |    236 |   1 |  371.0 |
       Dungeon |    371 |    371 |      0 |      0 |    236 |   1 |  371.0 |
               +--------+--------+--------+--------+--------+-----+--------+

Top non-repeatable levels by time:
     D:1: 371 daAuts
